 Dungeon Crawl Stone Soup version 0.27.0-1-g7a089689b8 (webtiles) character file.

Game seed: 10465485226896912224

40 Lochraine the Poker (level 3, -2/29 HPs)
             Began as a Human Monk on Aug 8, 2021.
             Was a Believer of Okawaru.
             Slain by a scorpion (5 damage)
             ... on level 1 of the Dungeon.
             The game lasted 00:04:08 (1733 turns).

Lochraine the Poker (Human Monk)                    Turns: 1733, Time: 00:04:08

Health: -2/29      AC:  6    Str: 11    XL:     3   Next: 72%
Magic:  3/3        EV: 11    Int: 10    God:    Okawaru [**....]
Gold:   80         SH:  0    Dex: 16    Spells: 2/2 levels left

rFire    + . .     SeeInvis .   a - +0 spear
rCold    + . .     Faith    .   (no shield)
rNeg     . . .     Spirit   .   k - +0 ring mail
rPois    +         Reflect  .   (no helmet)
rElec    +         Harm     .   (no cloak)
rCorr    +         Rampage  .   (no gloves)
Will     .....                  h - +0 pair of boots
Stlth    +.........             (no amulet)
HPRegen  0.09/turn              (no ring)
MPRegen  0.08/turn              (no ring)

@: mighty, lethally poisoned (-2 -> -5), resistant
A: no striking features
a: Renounce Religion, Heroism


You were on level 1 of the Dungeon.
You worshipped Okawaru.
Okawaru was pleased with you.
You visited 1 branch of the dungeon, and saw 2 of its levels.

You collected 80 gold pieces.

Inventory:

Hand Weapons
 a - a +0 spear (weapon)
Missiles
 c - 15 arrows
Armour
 b - a +0 robe
 d - a +0 leather armour
   (You found it on level 1 of the Dungeon)
 h - a +0 pair of boots (worn)
   (You found it on level 2 of the Dungeon)
 k - a +0 ring mail (worn)
   (You found it on level 2 of the Dungeon)
Scrolls
 e - a scroll of fog {unknown}
 f - 3 scrolls of teleportation {unknown}
Potions
 g - a potion of haste {unknown}


   Skills:
 - Level 3.0 Fighting
 + Level 4.3 Polearms
 + Level 0.5 Armour
 - Level 3.0 Dodging
 - Level 2.0 Stealth


You had 2 spell levels left.
You didn't know any spells.
Your spell library contained the following spells:

 Spells                   Type           Power      Damage    Failure   Level
 Borgnjor's Vile Clutch   Necr/Erth      0%         N/A       100%        5
 Simulacrum               Ice/Necr       0%         N/A       100%        6
 Infestation              Necr           0%         N/A       100%        8


Dungeon Overview and Level Annotations

Branches:
Dungeon (2/15)

Altars:
Okawaru


Message History

Found a stone staircase leading down.
There is an open door here.
Found an escape hatch in the ceiling.
You now have 80 gold pieces (gained 28).
Things that are here:
a +0 whip; 4 stones A goblin comes into view.
It is wielding a +0 club.
You reach to attack!
The helpless goblin fails to defend itself.
You hit the goblin.
You kill the goblin!
Okawaru accepts your kill.
You see here a +0 club.
An endoplasm comes into view.
The endoplasm quivers.
You reach to attack!
You hit the endoplasm. You barely miss the endoplasm.
The endoplasm barely misses you.
You hit the endoplasm.
You kill the endoplasm!
Okawaru accepts your kill.
You open the door.
There is an open door here.
The scorpion stings you!
The scorpion stings you but does no damage.
There is an open door here.
The scorpion stings you! The scorpion stings you.
There is a stone staircase leading up here.
The scorpion stings you.
You climb upwards.
There is a stone staircase leading down here.
The scorpion stings you but does no damage.
The scorpion barely misses you. The scorpion stings you!
* * * LOW HITPOINT WARNING * * *
You are lethally poisoned!
The scorpion poisons you!
* * * LOW HITPOINT WARNING * * *
You feel sick.
* * * LOW HITPOINT WARNING * * *
You feel sick.
It was a potion of might.
You feel very mighty all of a sudden.
* * * LOW HITPOINT WARNING * * *
You feel sick. The scorpion misses you.
It was a potion of resistance.
You feel protected.
* * * LOW HITPOINT WARNING * * *
You feel sick. The scorpion stings you.
You die...

####### #.....# #.###.# #.# #.#
#.# #.# ##########.#
#.############# #........#.#
#.s@..........#
#.######.#.###############.######
#.#......#>......................
#.#.######.#############.#.######
..........)# ##'#....#
###.##.....# #.....#.###
#.##.....# #.....#.... #.##.....#
#...##..... #.##.....####
#....+.....


You could see a scorpion.

Vanquished Creatures
  2 ball pythons (D:1)
  4 endoplasms
  A giant cockroach (D:1)
  7 goblins
  2 hobgoblins (D:1)
  5 quokkas
  4 bats (D:1)
  3 frilled lizards (D:1)
  5 kobolds
  2 rats
35 creatures vanquished.

Notes
Turn   | Place    | Note
-------+----------+-------------------------------------------
     0 | D:1      | Lochraine the Human Monk began the quest for the Orb.
     0 | D:1      | Reached XP level 1. HP: 18/18 MP: 1/1
   327 | D:1      | Reached XP level 2. HP: 23/24 MP: 2/2
   754 | D:1      | Reached skill level 4 in Polearms
   754 | D:1      | Reached XP level 3. HP: 22/29 MP: 3/3
  1058 | D:2      | Got Bosov's Tome of Unholy Rituals
  1205 | D:2      | Noticed a scorpion
  1494 | D:2      | Found a faded altar of an unknown god.
  1502 | D:2      | Became a worshipper of Warmaster Okawaru
  1502 | D:2      | Reached * piety under Okawaru
  1502 | D:2      | Reached ** piety under Okawaru
  1733 | D:1      | Slain by a scorpion

Illustrated notes

Levels and vault maps discovered:
D:1:      dpeg_arrival_water_temple_mockup, layout_basic
D:2:      layout_basic, shapermc_ecumenical_altar_totnotflames,
          chequers_decorated_corner, serial_park_tiny_pond,
          chequers_serial_rivers_micro_d, minmay_between, uniq_robin

Skill      XL: |  1  2 |
---------------+-------+-----
Polearms       | 4 |  4.3
Fighting       | |  3.0
Armour         | |  0.5
Dodging        | |  3.0
Stealth        | |  2.0

Action                   || total
-------------------------++-------
Melee: Spear             ||   132
  Use: Potion            ||     2
 Stab: Sleeping          ||     6
Armor: Robe              ||     6
       Leather armour    ||    16
       Ring mail         ||     2
Dodge: Dodged            ||    61
